HSSL
H.H. DOW HS CHARGERS @ OLIVER AMES HS TIGERS
04/07/2024
 
TOP OF THE 1ST
H.H. Dow HS Chargers batting - Pitching for Oliver Ames HS Tigers : LHP Larry McGraw
Pitching: LHP Larry McGraw
Batting: RHB Kris Ballard 0-0: Ball
1-0: Called Strike
1-1: Ground out 1-3 (Groundball, 15)
Batting: LHB Paul Cotton 0-0: Called Strike
0-1: Ball
1-1: Swinging Strike
1-2: Ball
2-2: Ball
3-2: Foul Ball, location: 2F
3-2: Base on Balls
Batting: LHB Steven Gregory 0-0: Called Strike
0-1: Foul Ball, location: 2F
0-2: Strikes out swinging
Batting: SHB Carlton Moreno 0-0: Called Strike
0-1: Ball
1-1: Ball
2-1: Fly out, F3 (Popup, 34)
Top of the 1st over - 0 run(s), 0 hit(s), 0 error(s), 1 left on base; H.H. Dow HS 0 - Oliver Ames HS 0
BOTTOM OF THE 1ST
Oliver Ames HS Tigers batting - Pitching for H.H. Dow HS Chargers : RHP Stu Morris
Pitching: RHP Stu Morris
Batting: RHB Quentin Underwood 0-0: Called Strike
0-1: Called Strike
0-2: DOUBLE (Flyball, 8RM)
Batting: RHB James Hunter 0-0: Ball
1-0: Called Strike
1-1: SINGLE (Line Drive, 8RS)
Quentin Underwood to third
Batting: RHB Denver Baker 0-0: Fly out, F4 (Popup, 34)
Batting: LHB Eugene Lee 0-0: Called Strike
0-1: Ball
1-1: Ball
2-1: Fly out, F5 (Popup, 5DF)
Batting: RHB Jimmy King 0-0: Ball
1-0: Swinging Strike
1-1: Ball
2-1: Foul Ball, location: 2F
2-2: Fielders Choice at 2nd, U6 (Groundball, 6M)
Bottom of the 1st over - 0 run(s), 2 hit(s), 0 error(s), 2 left on base; H.H. Dow HS 0 - Oliver Ames HS 0
TOP OF THE 2ND
H.H. Dow HS Chargers batting - Pitching for Oliver Ames HS Tigers : LHP Larry McGraw
Batting: LHB Larry Battle 0-0: Ball
1-0: Ground out 4-3 (Groundball, 4)
Batting: LHB Gary Powers 0-0: Fly out, F8 (Flyball, 8LM)
Batting: RHB John Small 0-0: Foul Ball, location: 2F
0-1: Ball
1-1: Ball
2-1: Foul Ball, location: 2F
2-2: Fly out, F9 (Flyball, 9M)
Top of the 2nd over - 0 run(s), 0 hit(s), 0 error(s), 0 left on base; H.H. Dow HS 0 - Oliver Ames HS 0
BOTTOM OF THE 2ND
Oliver Ames HS Tigers batting - Pitching for H.H. Dow HS Chargers : RHP Stu Morris
Batting: RHB Mason Thompson 0-0: Ball
1-0: Ball
2-0: SINGLE (Flyball, 9S)
Batting: LHB Miguel García 0-0: Called Strike
0-1: Ball
1-1: Foul Ball, location: 2F
1-2: Fielders Choice at 2nd, 4-6 (Groundball, 34)
Batting: RHB Earl Frank 0-0: Grounds into double play, 4-6-3 (Groundball, 34)
Bottom of the 2nd over - 0 run(s), 1 hit(s), 0 error(s), 0 left on base; H.H. Dow HS 0 - Oliver Ames HS 0
TOP OF THE 3RD
H.H. Dow HS Chargers batting - Pitching for Oliver Ames HS Tigers : LHP Larry McGraw
Batting: RHB Liam Mahoney 0-0: Called Strike
0-1: Ball
1-1: Foul Ball, location: 2F
1-2: Fly out, F7 (Flyball, 78M)
Batting: RHB Stan Webb 0-0: Ball
1-0: Ball
2-0: Ground out 5-3 (Groundball, 15S)
Batting: RHB Kris Ballard 0-0: Ground out 4-3 (Groundball, 4)
Top of the 3rd over - 0 run(s), 0 hit(s), 0 error(s), 0 left on base; H.H. Dow HS 0 - Oliver Ames HS 0
BOTTOM OF THE 3RD
Oliver Ames HS Tigers batting - Pitching for H.H. Dow HS Chargers : RHP Stu Morris
Batting: LHB Jason King 0-0: Called Strike
0-1: Foul Ball, location: 2F
0-2: Ball
1-2: Ground out 1-3 (Groundball, 15)
Batting: RHB Quentin Underwood 0-0: Ball
1-0: Called Strike
1-1: Foul Ball, location: 2F
1-2: Ball
2-2: Ball
3-2: Ground out 5-3 (Groundball, 5S)
Batting: RHB James Hunter 0-0: Swinging Strike
0-1: SOLO HOME RUN (Flyball, 78XD), Distance : 430 ft
Batting: RHB Denver Baker 0-0: Called Strike
0-1: Ball
1-1: Foul Ball, location: 2F
1-2: SINGLE (Line Drive, 56D)
Batting: LHB Eugene Lee 0-0: Called Strike
0-1: Foul Ball, location: 2F
0-2: Ball
1-2: Ball
2-2: Foul Ball, location: 2F
2-2: Strikes out looking
Bottom of the 3rd over - 1 run(s), 2 hit(s), 0 error(s), 1 left on base; H.H. Dow HS 0 - Oliver Ames HS 1
TOP OF THE 4TH
H.H. Dow HS Chargers batting - Pitching for Oliver Ames HS Tigers : LHP Larry McGraw
Batting: LHB Paul Cotton 0-0: Called Strike
0-1: Foul Ball, location: 2F
0-2: Ball
1-2: Foul Ball, location: 2F
1-2: SOLO HOME RUN (Flyball, 9D), Distance : 381 ft
Batting: LHB Steven Gregory 0-0: Swinging Strike
0-1: Swinging Strike
0-2: Strikes out swinging
Batting: SHB Carlton Moreno 0-0: Ball
1-0: Ball
2-0: Ball
3-0: Base on Balls
Batting: LHB Larry Battle 0-0: Called Strike
0-1: Foul Ball, location: 2F
0-2: Ball
1-2: Fly out, F4 (Popup, 4S)
Batting: LHB Gary Powers 0-0: Called Strike
0-1: Ball
1-1: Swinging Strike
1-2: Ball
2-2: Ball
3-2: Base on Balls
Carlton Moreno to second
Batting: RHB John Small 0-0: Called Strike
0-1: Called Strike
0-2: Reached on error, E6 (Groundball, 6)
Carlton Moreno to third
Gary Powers to second
Batting: RHB Liam Mahoney 0-0: Called Strike
0-1: Ball
1-1: Ball
2-1: DOUBLE (Flyball, 78M)
Carlton Moreno scores
Gary Powers scores
John Small to third
Runner from 3rd tries for Home, SAFE, no throw or cutoff
Batting: RHB Stan Webb 0-0: Called Strike
0-1: Fly out, F3 (Popup, 23F)
Top of the 4th over - 4 run(s), 2 hit(s), 1 error(s), 1 left on base; H.H. Dow HS 4 - Oliver Ames HS 1
BOTTOM OF THE 4TH
Oliver Ames HS Tigers batting - Pitching for H.H. Dow HS Chargers : RHP Stu Morris
Batting: RHB Jimmy King 0-0: Swinging Strike
0-1: Foul Ball, location: 2F
0-2: Fly out, F8 (Flyball, 78XD)
Batting: RHB Mason Thompson 0-0: Swinging Strike
0-1: Swinging Strike
0-2: Strikes out swinging
Batting: LHB Miguel García 0-0: Called Strike
0-1: Called Strike
0-2: Ball
1-2: Foul Ball, location: 2F
1-2: Ground out 4-3 (Groundball, 4)
Bottom of the 4th over - 0 run(s), 0 hit(s), 0 error(s), 0 left on base; H.H. Dow HS 4 - Oliver Ames HS 1
TOP OF THE 5TH
H.H. Dow HS Chargers batting - Pitching for Oliver Ames HS Tigers : LHP Larry McGraw
Batting: RHB Kris Ballard 0-0: Ball
1-0: Ball
2-0: DOUBLE (Line Drive, 5D)
Batting: LHB Paul Cotton 0-0: Ground out 1-3 (Groundball, 15S)
Batting: LHB Steven Gregory 0-0: Called Strike
0-1: Foul Ball, location: 2F
0-2: Ball
1-2: SINGLE (Line Drive, 89S)
Kris Ballard to third
Runner from 3rd tries for Home, SAFE, no throw or cutoff
Batting: SHB Carlton Moreno 0-0: Foul Ball, location: 2F
0-1: 2-RUN HOME RUN (Flyball, 78XD), Distance : 440 ft
Batting: LHB Larry Battle 0-0: Called Strike
0-1: Foul Ball, location: 2F
0-2: Strikes out swinging
Pitching: RHP Jack Hines
Batting: LHB Gary Powers 0-0: Ball
1-0: Called Strike
1-1: Foul Ball, location: 2F
1-2: SINGLE (Line Drive, 34)
Batting: RHB John Small 0-0: Swinging Strike
0-1: Foul Ball, location: 2F
0-2: Foul Ball, location: 2F
0-2: Ball
1-2: Ball
Gary Powers steals 2nd base
2-2: Strikes out swinging
Top of the 5th over - 3 run(s), 4 hit(s), 0 error(s), 1 left on base; H.H. Dow HS 7 - Oliver Ames HS 1
BOTTOM OF THE 5TH
Oliver Ames HS Tigers batting - Pitching for H.H. Dow HS Chargers : RHP Stu Morris
Batting: RHB Earl Frank 0-0: Ground out 6-3 (Groundball, 6)
Batting: LHB Jason King 0-0: Called Strike
0-1: Fly out, F7 (Popup, 78S)
Batting: RHB Quentin Underwood 0-0: SINGLE (Flyball, 4D)
Batting: RHB James Hunter 0-0: Called Strike
0-1: Swinging Strike
Passed Ball!
Quentin Underwood to second
0-2: Ball
1-2: Ball
2-2: Reached on error, E4 (Groundball, 4)
Quentin Underwood scores
Batting: RHB Denver Baker 0-0: Called Strike
0-1: Ball
1-1: SINGLE (Groundball, 5D)
James Hunter to third
Runner from 3rd tries for Home, SAFE, no throw or cutoff
Batting: LHB Eugene Lee 0-0: Ball
1-0: Swinging Strike
1-1: Called Strike
1-2: Fly out, F4 (Popup, 4)
Bottom of the 5th over - 2 run(s), 2 hit(s), 1 error(s), 1 left on base; H.H. Dow HS 7 - Oliver Ames HS 3
TOP OF THE 6TH
H.H. Dow HS Chargers batting - Pitching for Oliver Ames HS Tigers : RHP Jack Hines
Batting: RHB Liam Mahoney 0-0: Ball
1-0: Foul Ball, location: 2F
1-1: Swinging Strike
1-2: Foul Ball, location: 2F
1-2: Ball
2-2: Ball
3-2: Foul Ball, location: 2F
3-2: Strikes out looking
Batting: RHB Stan Webb 0-0: Called Strike
0-1: Ball
1-1: Ground out 6-3 (Groundball, 6M)
Batting: RHB Kris Ballard 0-0: Called Strike
0-1: Ball
1-1: Called Strike
1-2: Foul Ball, location: 2F
1-2: Ball
2-2: Strikes out swinging
Top of the 6th over - 0 run(s), 0 hit(s), 0 error(s), 0 left on base; H.H. Dow HS 7 - Oliver Ames HS 3
BOTTOM OF THE 6TH
Oliver Ames HS Tigers batting - Pitching for H.H. Dow HS Chargers : RHP Stu Morris
Batting: RHB Jimmy King 0-0: SINGLE (Groundball, 6MD) (infield hit)
Batting: RHB Mason Thompson 0-0: Foul Ball, location: 2F
0-1: Foul Ball, location: 2F
0-2: Ball
1-2: Ball
2-2: Strikes out swinging
Batting: LHB Miguel García 0-0: Swinging Strike
0-1: Called Strike
0-2: Fly out, F9 (Flyball, 9M)
Pitching: LHP Wilton Mahony
Batting: RHB Earl Frank 0-0: Foul Ball, location: 2F
0-1: Called Strike
0-2: Strikes out swinging
Bottom of the 6th over - 0 run(s), 1 hit(s), 0 error(s), 1 left on base; H.H. Dow HS 7 - Oliver Ames HS 3
TOP OF THE 7TH
H.H. Dow HS Chargers batting - Pitching for Oliver Ames HS Tigers : RHP Jack Hines
Batting: LHB Paul Cotton 0-0: Ball
1-0: Ball
2-0: Ball
3-0: Base on Balls
Batting: LHB Steven Gregory 0-0: Ball
1-0: Ball
2-0: Ball
3-0: Called Strike
3-1: Foul Ball, location: 2F
3-2: SINGLE (Groundball, 34)
Paul Cotton to second
Runner from 2nd tries for 3rd, SAFE, throw made to third
Pitching: RHP Nelson Dixon
Batting: SHB Carlton Moreno 0-0: Ball
1-0: Ball
2-0: Called Strike
2-1: Called Strike
2-2: Fly out, F8 (Flyball, 8LD)
Runner from 3rd tags up, SCORES, no throw
Batting: LHB Larry Battle 0-0: Ball
1-0: Called Strike
1-1: Foul Ball, location: 2F
1-2: Strikes out swinging
Batting: LHB Gary Powers 0-0: Called Strike
0-1: Ball
1-1: Fly out, F8 (Popup, 6MD)
Top of the 7th over - 1 run(s), 1 hit(s), 0 error(s), 1 left on base; H.H. Dow HS 8 - Oliver Ames HS 3
BOTTOM OF THE 7TH
Oliver Ames HS Tigers batting - Pitching for H.H. Dow HS Chargers : LHP Wilton Mahony
Batting: LHB Jason King 0-0: Ball
1-0: Foul Ball, location: 2F
1-1: Ball
2-1: Ball
3-1: Foul Ball, location: 2F
3-2: Base on Balls
Batting: RHB Quentin Underwood 0-0: Called Strike
0-1: Ball
1-1: Ball
2-1: Called Strike
2-2: Grounds into double play, 5-4-3 (Groundball, 56)
Batting: RHB James Hunter 0-0: Ball
1-0: Foul Ball, location: 2F
1-1: SINGLE (Line Drive, 78M)
Batting: RHB Denver Baker 0-0: Ball
1-0: Ball
2-0: Foul Ball, location: 2F
2-1: Foul Ball, location: 2F
2-2: Hit by Pitch
James Hunter to second
Batting: LHB Eugene Lee 0-0: Swinging Strike
0-1: Swinging Strike
0-2: Ball
1-2: Foul Ball, location: 2F
1-2: Ball
2-2: Foul Ball, location: 2F
2-2: Foul Ball, location: 2F
2-2: Foul Ball, location: 2F
2-2: Strikes out swinging
Bottom of the 7th over - 0 run(s), 1 hit(s), 0 error(s), 2 left on base; H.H. Dow HS 8 - Oliver Ames HS 3
TOP OF THE 8TH
H.H. Dow HS Chargers batting - Pitching for Oliver Ames HS Tigers : RHP Nelson Dixon
Batting: RHB John Small 0-0: Called Strike
0-1: Called Strike
0-2: Strikes out swinging
Batting: RHB Liam Mahoney 0-0: Called Strike
0-1: Ball
1-1: SINGLE (Groundball, 6D) (infield hit)
Batting: RHB Stan Webb 0-0: Ball
Liam Mahoney steals 2nd base
1-0: Foul Ball, location: 2F
1-1: Ball
2-1: Swinging Strike
2-2: Foul Ball, location: 2F
2-2: Foul Ball, location: 2F
2-2: Ball
3-2: Strikes out swinging
Batting: RHB Kris Ballard 0-0: Ball
1-0: Fly out, F9 (Line Drive, 89M)
Top of the 8th over - 0 run(s), 1 hit(s), 0 error(s), 1 left on base; H.H. Dow HS 8 - Oliver Ames HS 3
BOTTOM OF THE 8TH
Oliver Ames HS Tigers batting - Pitching for H.H. Dow HS Chargers : LHP Wilton Mahony
Now in CF: Sidney Boyd
Batting: RHB Jimmy King 0-0: Foul Ball, location: 2F
0-1: Reached on error, E6 (Groundball, 6)
Batting: RHB Mason Thompson 0-0: Called Strike
0-1: Called Strike
0-2: Foul Ball, location: 2F
0-2: Foul Ball, location: 2F
0-2: Ball
1-2: Foul Ball, location: 2F
1-2: Foul Ball, location: 2F
1-2: Ball
2-2: Ball
3-2: Strikes out swinging
Batting: LHB Miguel García 0-0: Ball
1-0: Ball
2-0: Called Strike
2-1: Called Strike
2-2: Foul Ball, location: 2F
2-2: Strikes out swinging
Pitching: RHP Desi Smith
Batting: RHB Earl Frank 0-0: Called Strike
0-1: Foul Ball, location: 2F
0-2: Ball
1-2: Foul Ball, location: 2F
1-2: Ball
2-2: Ball
3-2: Base on Balls
Jimmy King to second
Batting: LHB Jason King 0-0: Ball
1-0: SINGLE (Line Drive, 4)
Jimmy King to third
Earl Frank to second
Pitching: RHP Junior Pineault
Batting: RHB Quentin Underwood 0-0: Called Strike
0-1: Called Strike
0-2: Fly out, F9 (Flyball, 9S)
Bottom of the 8th over - 0 run(s), 1 hit(s), 1 error(s), 3 left on base; H.H. Dow HS 8 - Oliver Ames HS 3
TOP OF THE 9TH
H.H. Dow HS Chargers batting - Pitching for Oliver Ames HS Tigers : RHP Nelson Dixon
Batting: LHB Paul Cotton 0-0: Foul Ball, location: 2F
0-1: Ground out U3 (Groundball, 3S)
Batting: LHB Steven Gregory 0-0: Swinging Strike
0-1: DOUBLE (Line Drive, 89D)
Batting: SHB Carlton Moreno 0-0: Ball
1-0: Called Strike
1-1: SINGLE (Groundball, 4MD)
Steven Gregory to third
Runner from 3rd tries for Home, throw and OUT!
Batting: LHB Larry Battle Pickoff Throw to First - Out!
Top of the 9th over - 0 run(s), 2 hit(s), 0 error(s), 0 left on base; H.H. Dow HS 8 - Oliver Ames HS 3
BOTTOM OF THE 9TH
Oliver Ames HS Tigers batting - Pitching for H.H. Dow HS Chargers : RHP Junior Pineault
Batting: RHB James Hunter 0-0: Swinging Strike
0-1: Ball
1-1: Called Strike
1-2: Strikes out swinging
Batting: RHB Denver Baker 0-0: Ball
1-0: Ball
2-0: Ground out 6-3 (Groundball, 6)
Batting: LHB Eugene Lee 0-0: Ball
1-0: Fly out, F6 (Popup, 6)
Bottom of the 9th over - 0 run(s), 0 hit(s), 0 error(s), 0 left on base; H.H. Dow HS 8 - Oliver Ames HS 3
This league is powered by Out of the Park Baseball, the baseball management simulation game for PC, Mac and Linux
Saturday, April 9th, 2016 - OOTP Baseball 16.8 Build 38